 Dungeon Crawl Stone Soup version 0.31-a0-1227-g0136665373 (webtiles) character file.

Game seed: 16814443737314042484

35637 gelatine the Blocker (level 13, -14/98 HPs)
             Began as a Demonspawn Fighter on Dec 14, 2023.
             Was an Initiate of Jiyva.
             Killed from afar by an ice statue (33 damage)
             ... with a shard of ice
             ... in an ice cave.
             The game lasted 00:54:40 (15080 turns).

gelatine the Blocker (Demonspawn Fighter)          Turns: 15080, Time: 00:54:41

Health: -14/98     AC: 27    Str: 21    XL:     13   Next: 48%
Magic:  21/21      EV: 13    Int:  8    God:    Jiyva [......]
Gold:   1073       SH: 22    Dex: 27    Spells: 21/23 levels left

rFire   . . .        D - +1 broad axe
rCold   . . .        V - +0 kite shield
rNeg    . . .        i - +9 chain mail of Unambiguity {Str+3}
rPois   .            (helmet restricted)
rElec   .            u - +1 cloak
rCorr   .            A - +0 pair of gloves
SInv    +            o - +2 pair of boots
Will    +....        T - amulet of reflection
Stlth   +++          U - +6 ring of dexterity
HPRegen 0.36/turn    e - ring of Jemuhate {Will+ Str-2 Dex+6 SInv Stlth+}
MPRegen 0.17/turn

%: reflection
@: no status effects
A: antennae 1, large bone plates 1, ignite blood 2, demonic magic 1, bedeviling
a: Renounce Religion


You were in an ice cave.
You worshipped Jiyva.
Jiyva was noncommittal.
You visited 3 branches of the dungeon, and saw 16 of its levels.
You also visited: Bailey and Ice Cave.

You collected 2041 gold pieces.
You spent 968 gold pieces at shops.

Inventory:

Hand Weapons
 f - the +8 dagger "Orb Guardian's Regret" {drain, Fly rF+}
   (You found it on level 3 of the Dungeon)

   rF+:       It protects you from fire.
   Fly:       It grants you flight.
 D - a +1 broad axe (weapon)
 P - a +4 long sword
 Z - a +1 dagger of distortion
Missiles
 q - 7 datura-tipped darts
 C - 17 curare-tipped darts
Armour
 i - the +9 chain mail of Unambiguity (worn) {Str+3}
   (You found it in an ice cave)

   Str+3:     It affects your strength (+3).
 o - a +2 pair of boots (worn)
 u - a +1 cloak (worn)
 x - a +2 robe of cold resistance
 y - a +1 leather armour of poison resistance
 A - a +0 pair of gloves (worn)
 F - a +2 chain mail of positive energy
 V - a +0 kite shield (worn)
 X - the +1 ring mail of the Peculiar Knaves {rC++ Will-}
   (You found it on level 1 of the Lair of Beasts)

   rC++:      It greatly protects you from cold.
   Will-:     It decreases your willpower.
Jewellery
 c - the ring of Finality {*Corrode rF- rC+ rN+++ Str+2}
   (You found it in an ice cave)

   [ring of protection from cold]

   Str+2:     It affects your strength (+2).
   rF-:       It makes you vulnerable to fire.
   rC+:       It protects you from cold.
   rN+++:     It renders you almost immune to negative energy.
   *Corrode:  It may corrode you when you take damage.
 e - the ring of Jemuhate (right hand) {Will+ Str-2 Dex+6 SInv Stlth+}
   (You found it in an ice cave)

   [ring of willpower]

   Str-2:     It affects your strength (-2).
   Dex+6:     It affects your dexterity (+6).
   Will+:     It increases your willpower.
   SInv:      It lets you see invisible.
   Stlth+:    It makes you more stealthy.
 k - a ring of fire
 T - an amulet of reflection (around neck)
 U - a +6 ring of dexterity (left hand)
 W - a ring of see invisible
 Y - a ring of magical power
Wands
 p - a wand of mindburst (10)
 w - a wand of paralysis (8)
Scrolls
 h - 6 scrolls of teleportation
 n - 4 scrolls of fear
 t - a scroll of immolation
 v - 7 scrolls of poison
 E - a scroll of blinking
 G - a scroll of enchant weapon
 L - a scroll of noise
 O - a scroll of butterflies {unknown}
 Q - 4 scrolls of amnesia
Potions
 a - a potion of brilliance
 b - 5 potions of attraction
 d - 5 potions of might
 g - 2 potions of invisibility
 j - 2 potions of heal wounds
 l - a potion of enlightenment
 m - a potion of mutation
 r - a potion of magic
 s - 8 potions of curing
 z - 3 potions of berserk rage
 B - 7 potions of lignification {unknown}
 K - a potion of ambrosia
 M - a potion of haste {unknown}
 S - a potion of cancellation {unknown}


   Skills:
 * Level 8.2 Fighting
 + Level 6.4 Short Blades
 + Level 3.3 Axes
 + Level 5.7 Throwing
 * Level 8.0 Armour
 * Level 6.9 Dodging
 * Level 7.9 Stealth
 * Level 8.9 Shields
 * Level 5.9 Spellcasting
 * Level 6.1 Translocations
 + Level 6.4 Evocations


You had 21 spell levels left.
You knew the following spells:

 Your Spells              Type           Power      Damage    Failure   Level
a - Lesser Beckoning      Tloc           24%        N/A       30%         2

Your spell library contained the following spells:

 Spells                   Type           Power      Damage    Failure   Level
 Gell's Gravitas          Tloc           12%        N/A       52%         3
 Teleport Other           Tloc           12%        N/A       52%         3
 Magic Dart               Conj           8%         1d3       95%         1
 Call Imp                 Summ           4%         N/A       99%         2
 Dazzling Flash           Conj/Hex       6%         N/A       100%        3
 Mephitic Cloud           Conj/Pois/Air  2%         N/A       100%        3
 Tukima's Dance           Hex            3%         N/A       100%        3
 Dimensional Bullseye     Hex/Tloc       5%         N/A       100%        4
 Iskenderun's Mystic Bla  Conj/Tloc      7%         2d4       100%        4
 Agony                    Necr           2%         N/A       100%        5
 Silence                  Hex/Air        1%         N/A       100%        5
 Conjure Ball Lightning   Conj/Air       1%         3x3d6     100%        6
 Discord                  Hex            1%         N/A       100%        8
 Disjunction              Tloc           6%         N/A       100%        8


Dungeon Overview and Level Annotations

Branches:
Dungeon (12/15)            Temple (1/1) D:7            Lair (3/5) D:11
  Swamp (0/4) Lair:3        Snake (0/4) Lair:3          Orc (0/2) D:9
 Bailey (visited)           IceCv (1/1)

Altars:
Ashenzari
Cheibriados
Dithmenos
Fedhas
Gozag
Hepliaklqana
Kikubaaqudgha
Makhleb
Nemelex Xobeh
Okawaru
Qazlal
Ru
Sif Muna
Trog
Uskayaw
Vehumet
Wu Jian
Xom
Yredelemnul

Shops:
D:8 !   D:12 =

Annotations:
D:4 3 runed translucent doors, HilariousDeathArtist's ghost, amateur HuWn
D:5 1 runed translucent door, SecretSquirrel's ghost, novice VSGl
D:12 Azrael IceCv exclusion: ice statue


Innate Abilities, Weirdness & Mutations

You have a pair of small antennae on your head.
You are partially covered in large bone plates. (SH +4)
Your demonic aura often causes spilled blood to erupt in flames.
Spells you cast may paralyse adjacent enemies.
Your hexes are more powerful.


Message History

Unknown command.
You hit the ice statue but do no damage.
The ice statue is heavily damaged.
You are engulfed in freezing vapours.
The ice statue gestures.
Unknown command.
You hit the ice statue but do no damage.
The ice statue is heavily damaged.
You are engulfed in freezing vapours.
The ice beast closely misses you. The ice statue gestures at you.
The freezing blast engulfs you but does no damage.
You float gracefully downwards.
D - a +1 broad axe (weapon)
You are engulfed in freezing vapours.
You block the ice beast's attack.
You hit the ice statue but do no damage.
The ice statue is heavily damaged.
You hit the ice beast. You barely miss the ice beast.
You are engulfed in freezing vapours.
The ice statue gestures at you.
You block the shard of ice... and reflect it back!
The shard of ice hits the ice statue!
The ice statue partially resists.
The ice beast misses you. The ice beast barely misses you.
The ice statue gestures.
You hit the ice statue but do no damage.
The ice statue is severely damaged.
You hit the ice beast but do no damage. You hit the ice beast.
You are engulfed in freezing vapours.
You block the ice beast's attack. x3
The ice beast hits you but does no damage.
Unknown command.
You hit the ice statue.
The ice statue is severely damaged.
You slash the ice beast! You completely miss the ice beast.
You are engulfed in freezing vapours.
* * * LOW HITPOINT WARNING * * *
You block the ice beast's attack.
The ice beast hits you but does no damage.
The ice statue glitters chillingly in the dim dungeon light.
The ice statue gestures at you. The shard of ice hits you!!
You die...

......## #.......##
.#.#...###...#....##
.#.#....##..##.#...#
##.#....##..##.##..##
##.##...##..##[)##..#
#...#...##...#)[.#..#
....##.......##..##.##
....##..##....#..##..#
....##..####..##@Y#..# ###
....##..# #...#8Y##.####.##
.##.##..# ##..##Y.#..##...#
##..##..## #..##..#.....∩∩#
##..###..# ##..#...#..##...#
#...###..###..##..##.####.##
#....##...##..##..#..# ###
.....##...#...##.##..#
......#.......#..#..##


You could see an ice statue and 3 ice beasts.

Vanquished Creatures
  2 azure jellies (IceCv)
  2 quicksilver oozes (IceCv)
  The ghost of avis the Apostate, a journeyman HOMo of Beogh (Lair:1)
  A hydra (Lair:2)
  A centaur warrior (D:12)
  A boulder beetle (D:12)
  4 two-headed ogres
  Pikel (D:6)
  2 lindwurms (Lair:2)
  A cyclops (D:11)
  An ice statue (IceCv)
  Joseph (D:8)
  2 black mambas (Lair:1)
  A gargoyle (D:12)
  An unseen horror (D:12)
  3 komodo dragons
  5 cane toads
  2 rime drakes
  2 kobold demonologists (D:9)
  Psyche (D:12)
  A troll (D:11)
  A polar bear (Lair:2)
  12 blink frogs
  22 slime creatures (IceCv)
  A wyvern (D:9)
  2 centaur simulacra (D:12)
  Eustachio (D:6)
  A shadow (D:11)
  34 yaks
  A wraith (D:12)
  A fire elemental (D:12)
  A death yak simulacrum (Lair:3)
  6 vampire mosquitoes
  A basilisk (Lair:1)
  2 acid dragons (D:11)
  8 water moccasins
  A great orb of eyes simulacrum (IceCv)
  8 orc warriors
  An ice beast (D:7)
  An ogre (D:5)
  4 centaurs
  10 wolves
  A phantom (D:4)
  4 slime creature simulacra (IceCv)
  6 kobold brigands
  13 bullfrogs
  2 glowing shapeshifter simulacra (IceCv)
  3 gnoll sergeants
  3 scorpions (D:5)
  4 killer bees (D:9)
  5 howler monkeys
  7 orc priests
  A jelly (D:8)
  3 gnoll boudas
  7 hounds
  A sleepcap (D:7)
  Ijyb (D:3)
  An iguana (D:5)
  9 orc wizards
  2 shapeshifter simulacra (IceCv)
  A polar bear simulacrum (Lair:3)
  24 gnolls
  3 adders
  A white imp (D:6)
  A worm (D:3)
  A dart slug (D:3)
  51 orcs
  7 bats
  4 endoplasms
  2 giant cockroaches (D:2)
  8 goblins
  5 hobgoblins
  6 jackals (D:1)
  11 kobolds
  5 quokkas
  6 ball pythons
  7 frilled lizards
  4 rats
375 creatures vanquished.

Vanquished Creatures (others)
  Sonja (Lair:2)
  A yak (Lair:2)
2 creatures vanquished.

Grand Total: 377 creatures vanquished

Notes
Turn   | Place    | Note
-------+----------+-------------------------------------------
     0 | D:1      | gelatine the Demonspawn Fighter began the quest for the
                  | Orb.
     0 | D:1      | Reached XP level 1. HP: 18/18 MP: 1/1
   122 | D:1      | Gained mutation: Your demonic aura sometimes causes spilled
                  | blood to erupt in flames. [demonic ancestry]
   122 | D:1      | Reached XP level 2. HP: 24/24 MP: 2/2
   912 | D:2      | Reached XP level 3. HP: 29/29 MP: 3/3
  1227 | D:3      | Found a bloodstained altar of Trog.
  1234 | D:3      | Identified the +8 dagger "Orb Guardian's Regret" {drain,
                  | Fly rF+}
  1372 | D:3      | Noticed Ijyb
  1379 | D:3      | Killed Ijyb
  1380 | D:3      | Gained mutation: Your demonic aura often causes spilled
                  | blood to erupt in flames. [demonic ancestry]
  1380 | D:3      | Reached XP level 4. HP: 30/35 MP: 4/4
  1565 | D:3      | Reached skill level 1 in Dodging
  1933 | D:4      | Found a runed translucent gate.
  1933 | D:4      | Found a runed translucent gate.
  1933 | D:4      | Found a runed translucent gate.
  2044 | D:4      | Noticed HilariousDeathArtist's ghost (amateur HuWn)
  2077 | D:4      | Found a radiant altar of Vehumet.
  2078 | D:4      | Noticed a phantom
  2089 | D:4      | Killed a phantom
  2090 | D:4      | Reached skill level 1 in Stealth
  2090 | D:4      | Gained mutation: You have a pair of small antennae on your
                  | head. [demonic ancestry]
  2090 | D:4      | Reached XP level 5. HP: 39/42 MP: 5/5
  2090 | D:4      | Found a shimmering altar of Xom.
  2125 | D:4      | Reached skill level 1 in Short Blades
  2422 | D:5      | Entered Level 5 of the Dungeon
  2479 | D:5      | Gained mutation: You are partially covered in large bone
                  | plates. (SH +4) [demonic ancestry]
  2479 | D:5      | Reached XP level 6. HP: 48/48 MP: 6/6
  2631 | D:5      | Reached skill level 1 in Throwing
  3085 | D:5      | Found a runed translucent door.
  3085 | D:5      | Noticed SecretSquirrel's ghost (novice VSGl)
  3097 | D:5      | Reached XP level 7. HP: 51/54 MP: 7/7
  3494 | D:6      | Noticed Eustachio
  3519 | D:6      | Killed Eustachio
  3566 | D:6      | Noticed Pikel
  3567 | D:6      | Paralysed by Pikel for 3 turns
  3576 | D:6      | Killed Pikel
  3577 | D:6      | Reached skill level 5 in Armour
  3577 | D:6      | Reached XP level 8. HP: 61/61 MP: 8/8
  3605 | D:6      | Learned a level 2 spell: Lesser Beckoning
  4594 | D:7      | Reached skill level 1 in Evocations
  4694 | D:7      | Reached skill level 1 in Spellcasting
  4694 | D:7      | Reached skill level 1 in Translocations
  4917 | D:7      | Reached skill level 5 in Fighting
  4940 | D:7      | Reached XP level 9. HP: 46/68 MP: 9/11
  5047 | D:7      | Found a staircase to the Ecumenical Temple.
  5055 | Temple   | Entered the Ecumenical Temple
  5551 | D:8      | Noticed Joseph
  5560 | D:8      | Killed Joseph
  5561 | D:8      | Reached skill level 5 in Shields
  5762 | D:8      | Noticed a two-headed ogre
  5767 | D:8      | Killed a two-headed ogre
  5793 | D:8      | Reached XP level 10. HP: 76/76 MP: 14/14
  5918 | D:8      | Found Uhuhiur's Distillery.
  5944 | D:8      | Bought a potion of heal wounds for 55 gold pieces
  5944 | D:8      | Bought a potion of heal wounds for 55 gold pieces
  6292 | D:9      | Found a staircase to the Orcish Mines.
  6359 | D:9      | Noticed a sun demon
  6539 | D:9      | Found a flagged portal.
  6566 | D:9      | Reached skill level 5 in Stealth
  6571 | Bailey   | Entered a bailey
  6906 | Bailey   | Found a bloodstained altar of Trog.
  7209 | D:9      | Reached skill level 5 in Dodging
  7685 | D:10     | Entered Level 10 of the Dungeon
  7698 | D:10     | Reached XP level 11. HP: 81/81 MP: 16/16
  8099 | D:10     | Noticed a two-headed ogre
  8107 | D:10     | Killed a two-headed ogre
  8320 | D:10     | Reached skill level 5 in Throwing
  8330 | D:10     | Reached skill level 5 in Short Blades
  8505 | D:11     | Noticed a two-headed ogre
  8518 | D:11     | Killed a two-headed ogre
  9069 | D:11     | Reached skill level 5 in Evocations
  9149 | D:11     | Found a staircase to the Lair.
  9903 | D:12     | Noticed Psyche
  9932 | D:12     | Killed Psyche
  9943 | D:12     | Found Gontuh's Jewellery Emporium.
 10022 | D:12     | Bought an amulet of reflection for 390 gold pieces
 10027 | D:12     | Bought a +6 ring of dexterity for 468 gold pieces
 10038 | D:12     | Noticed a two-headed ogre
 10052 | D:12     | Noticed a boulder beetle
 10082 | D:12     | Killed a two-headed ogre
 10102 | D:12     | Killed a boulder beetle
 10207 | D:12     | Noticed a centaur warrior
 10214 | D:12     | Killed a centaur warrior
 10215 | D:12     | Gained mutation: Spells you cast may paralyse adjacent
                  | enemies. [demonic ancestry]
 10215 | D:12     | Reached XP level 12. HP: 90/91 MP: 18/18
 10221 | D:12     | Noticed a centaur warrior
 10547 | D:12     | Noticed Azrael
 10844 | Lair:1   | Entered Level 1 of the Lair of Beasts
 11215 | Lair:1   | Identified the +1 ring mail of the Peculiar Knaves {rC++
                  | Will-}
 11264 | Lair:1   | Found a runed translucent door.
 11264 | Lair:1   | Noticed avis's ghost (journeyman HOMo)
 11858 | Lair:1   | Killed avis's ghost
 11859 | Lair:1   | Reached skill level 5 in Spellcasting
 12023 | Lair:2   | Noticed a seven-headed hydra
 12028 | Lair:2   | Killed a seven-headed hydra
 12029 | Lair:2   | Reached skill level 5 in Translocations
 12054 | Lair:2   | Noticed Sonja
 12078 | Lair:2   | Killed Sonja
 12211 | Lair:2   | Identified the +3 spear "Keke" {venom, Dex+4}
 13007 | Lair:3   | Gained mutation: Your hexes are more powerful. [demonic
                  | ancestry]
 13007 | Lair:3   | Reached XP level 13. HP: 98/98 MP: 21/21
 13046 | Lair:3   | Found a frozen archway.
 13119 | IceCv    | Entered an ice cave
 13600 | IceCv    | Noticed a quicksilver ooze
 13869 | IceCv    | Noticed a quicksilver ooze
 13871 | IceCv    | Killed a quicksilver ooze
 13882 | IceCv    | Killed a quicksilver ooze
 14849 | IceCv    | Noticed an azure jelly
 14851 | IceCv    | Found a viscous altar of Jiyva.
 14851 | IceCv    | Noticed an azure jelly
 14868 | IceCv    | Killed an azure jelly
 14933 | IceCv    | Killed an azure jelly
 14989 | IceCv    | Got the ring of Finality {*Corrode rF- rC+ rN+++ Str+2}
 14994 | IceCv    | Identified the ring of Jemuhate {Will+ Str-2 Dex+6 SInv
                  | Stlth+}
 14996 | IceCv    | Identified the +9 chain mail of Unambiguity {Str+3}
 15007 | IceCv    | Became a worshipper of Jiyva Jeraofeb the Shapeless
 15080 | IceCv    | Killed from afar by an ice statue

Illustrated notes

Levels and vault maps discovered:
D:1:      ebering_trefoil_3fold, layout_loops_ring,
          amcnicky_mini_corridor_feature
D:2:      layout_rooms
D:3:      layout_basic, bloody_trog, minmay_liquid_box, kennysheep_path_1,
          uniq_ijyb
D:4:      layout_cave_pools, grunt_temple_overflow_open, gammafunk_ghost_icy,
          hangedman_decor_growths
D:5:      layout_loops_cross, ebering_ghost_inner_flame, columned_hall_lemuel
D:6:      layout_loops_corners, nrook_loot_triangle, uniq_eustachio, uniq_pikel
D:7:      layout_loops_ring, minmay_temple_entry_slanted, grunt_ministairs_2
D:8:      layout_rooms, serial_shops, shop, uniq_joseph
D:9:      layout_rooms, david_orc_1_choice, enter_bailey_3
D:10:     layout_basic, chequers_arboretum
D:11:     layout_basic, lair_entry_dummy, grunt_ministairs_6
D:12:     regret_index_reflect_refract, layout_rooms, serial_shops, shop,
          ebering_ghost_xom, uniq_azrael, uniq_psyche
Temple:   nicolae_temple_bog_church
Lair:1:   layout_chaotic_city, gammafunk_ghost_grave
Lair:2:   layout_loops_ring, nicolae_lair_lindhole, uniq_sonja
Lair:3:   lemuel_reptile_caves, layout_chaotic_city, skrybe_swamp_entry_bodies,
          guppyfry_snake_entry_island, serial_rivers,
          chequers_serial_rivers_small_b, chequers_serial_rivers_micro_b,
          chequers_serial_rivers_micro_d, chequers_serial_rivers_large_a,
          portal_ice_cave_entry_ice_simulacra, beast_lair_carwin_11
IceCv:    ice_cave_hellmonk_azure_passage

Skill      XL: |  1  2  3  4  5  6  7  8  9 10 11 12 13 |
---------------+----------------------------------------+-----
Axes           | 2 3 |  3.3
Shields        | 3 4 5 6 7 8 |  8.9
Armour         | 3 4 5 6 7 8 |  8.0
Dodging        | 1 2 3 4 5 6 |  6.9
Stealth        | 1 2 3 4 5 6 7 |  7.9
Short Blades   | 1 3 4 5 6 |  6.4
Throwing       | 1 2 3 4 5 |  5.7
Fighting       | 4 5 6 7 8 |  8.2
Evocations     | 1 3 4 5 6 |  6.4
Spellcasting   | 1 2 3 4 5 |  5.9
Translocations | 1 2 3 4 5 6 |  6.1

Action                     |  1- 3 |  4- 6 |  7- 9 | 10-12 | 13-15 || total
---------------------------+-------+-------+-------+-------+-------++-------
  Melee: War axe           |    90 |       |       |       |       ||    90
         Dagger            |    25 |    74 |   192 |   691 |   154 ||  1136
         Broad axe         |       |       |       |       |    48 ||    48
  Throw: Boomerang         |    11 |    19 |    69 |   132 |       ||   231
         Throwing net      |       |       |       |     1 |       ||     1
         Dart              |       |       |       |     1 |       ||     1
   Cast: Lesser Beckoning  |       |       |       |    41 |    57 ||    98
  Evoke: Wand              |       |       |    20 |     6 |       ||    26
    Use: Scroll            |     6 |     1 |     1 |    16 |     2 ||    26
         Potion            |       |       |       |     1 |     1 ||     2
   Stab: Sleeping          |       |       |     2 |     9 |     4 ||    15
         Paralysed         |       |       |       |    10 |    44 ||    54
         Distracted        |       |       |       |     1 |     1 ||     2
 Armour: Scale mail        |     8 |       |       |       |       ||     8
         Skin              |     3 |       |       |       |       ||     3
         Chain mail        |    80 |    47 |    15 |       |    15 ||   157
         Robe              |       |       |    27 |       |       ||    27
         Leather armour    |       |       |    42 |   295 |    32 ||   369
         Ring mail         |       |       |       |       |    58 ||    58
  Dodge: Dodged            |    57 |    13 |    72 |   254 |    65 ||   461
  Block: Buckler           |    27 |    17 |    74 |   177 |       ||   295
         Kite shield       |       |       |       |   270 |   225 ||   495
         Reflection        |       |       |       |     4 |     5 ||     9

Table legend: (Time is in decaauts)
 A = Elapsed time spent in this place.
 B = Non-inter-level travel time spent in this place.
 C = Inter-level travel time spent in this place.
 D = Time resting spent in this place.
 E = Time spent auto-exploring this place.
 F = Levels seen in this place.
 G = Mean time per level.
                   A        B        C        D        E       F      G
               +--------+--------+--------+--------+--------+-----+--------+
         Total |  15000 |  14456 |    544 |    100 |  10627 |  18 |  833.3 |
       Dungeon |  10411 |   9960 |    451 |      0 |   7729 |  12 |  867.6 |
        Temple |     31 |      5 |     26 |      0 |      0 |   1 |   31.0 |
          Lair |   2223 |   2156 |     67 |      0 |   1500 |   3 |  741.0 |
        Bailey |    376 |    376 |      0 |      0 |    224 |   1 |  376.0 |
      Ice Cave |   1958 |   1958 |      0 |    100 |   1174 |   1 | 1958.0 |
               +--------+--------+--------+--------+--------+-----+--------+

Top non-repeatable levels by time:
   IceCv: 1958 daAuts
    D:11: 1457 daAuts
  Lair:1: 1152 daAuts
     D:9: 1114 daAuts
     D:6: 1112 daAuts
     D:7: 992 daAuts
     D:5: 989 daAuts
    D:10: 973 daAuts
  Lair:2: 836 daAuts
     D:1: 797 daAuts
     D:3: 687 daAuts
    D:12: 679 daAuts
     D:8: 624 daAuts
     D:4: 522 daAuts
     D:2: 461 daAuts
